 Dungeon Crawl Stone Soup version 0.31-a0-23-gcbde74481b (webtiles) character file.

Game seed: 4313853478207637259

485 rogueadept the Slasher (level 7, 0/55 HPs)
             Began as a Human Cinder Acolyte on May 14, 2023.
             Was an Initiate of Ignis.
             Succumbed to an adder's poison
             ... on level 4 of the Dungeon.
             The game lasted 00:44:27 (3411 turns).

rogueadept the Slasher (Human Cinder Acolyte)       Turns: 3411, Time: 00:44:28

Health: 0/55       AC:  6    Str: 17    XL:     7   Next: 35%
Magic:  4/9        EV: 12    Int: 14    God:    Ignis [......]
Gold:   241        SH:  5    Dex: 11    Spells: 6/8 levels left

rFire   + + .        a - -1 falchion (flame)
rCold   . . .        (no shield)
rNeg    . . .        q - +2 robe {Will+}
rPois   +            (no helmet)
rElec   .            i - +0 cloak
rCorr   .            j - +0 pair of gloves
SInv    +            (no boots)
Will    +....        r - amulet of reflection
Stlth   +            I - ring "Xohid" {rPois rF+ Str+3 SInv}
HPRegen 0.29/turn    (no ring)
MPRegen 0.11/turn

%: reflection
@: lethally poisoned (0 -> -1)
A: no striking features
a: Renounce Religion


You were on level 4 of the Dungeon.
You worshipped Ignis.
Ignis was noncommittal.
You visited 1 branch of the dungeon, and saw 4 of its levels.

You collected 265 gold pieces.
You spent 24 gold pieces at shops.

Inventory:

Hand Weapons
 a - a -1 falchion of flaming (weapon)
 f - a +0 dagger
 g - a +0 club
 n - a +0 dagger
 o - a +0 sling
 s - a +0 flail
 t - a +0 hand axe
 B - a +0 dagger
 K - a +2 dagger of venom
Missiles
 h - 6 atropa-tipped darts (quivered)
 G - 5 poisoned darts
Armour
 b - a +0 robe
 i - a +0 cloak (worn)
 j - a +0 pair of gloves (worn)
 q - a +2 robe of willpower (worn)
 v - a +0 robe
 y - a +0 leather armour
 J - the +1 helmet of Gallantry {Drain rPois rC+}
   (You took it off Robin on level 4 of the Dungeon)

   rC:        It protects you from cold.
   rPois:     It protects you from poison.
   Drain:     It drains your maximum health when unequipped.
Jewellery
 r - an amulet of reflection (around neck)
 E - a ring of protection from cold
 I - the ring "Xohid" (left hand) {rPois rF+ Str+3 SInv}
   (You found it on level 4 of the Dungeon)

   [ring of poison resistance]

   Str:       It affects your strength (+3).
   rF:        It protects you from fire.
   rPois:     It protects you from poison.
   SInv:      It lets you see invisible.
Scrolls
 k - 2 scrolls of enchant armour {unknown}
 l - 4 scrolls of teleportation
 m - 2 scrolls of blinking {unknown}
 u - a scroll of poison {unknown}
 x - a scroll of summoning {unknown}
 A - a scroll of amnesia {unknown}
 C - a scroll of fear {unknown}
 D - a scroll of enchant weapon {unknown}
 H - a scroll of noise {unknown}
 M - a scroll of immolation {unknown}
 N - a scroll of identify
Potions
 c - 3 potions of resistance
 d - 2 potions of degeneration {unknown}
 e - a potion of brilliance {unknown}
 p - 2 potions of invisibility {unknown}
 w - a potion of heal wounds {unknown}
 z - a potion of cancellation
 F - a potion of curing {unknown}
 L - a potion of might {unknown}


   Skills:
 + Level 4.4 Fighting
 + Level 5.6 Long Blades
 + Level 2.8 Dodging
 + Level 0.4 Stealth
 + Level 1.1 Shields
 + Level 1.3 Spellcasting
 + Level 3.6 Fire Magic


You had 6 spell levels left.
You knew the following spells:

 Your Spells              Type           Power      Damage    Failure   Level
a - Scorch                Fire           22%        2d6       9%          2

Your spell library contained the following spells:

 Spells                   Type           Power      Damage    Failure   Level
 Beastly Appendage        Tmut           0%         N/A       26%         1
 Summon Small Mammal      Summ           0%         N/A       26%         1
 Wereblood                Tmut           0%         N/A       36%         2
 Inner Flame              Hex/Fire       5%         N/A       36%         3
 Call Canine Familiar     Summ           0%         N/A       58%         3
 Dazzling Flash           Conj/Hex       0%         N/A       58%         3
 Hailstorm                Conj/Ice       0%         3d3       58%         3
 Spider Form              Tmut/Pois      0%         N/A       58%         3
 Summon Guardian Golem    Hex/Summ       0%         N/A       58%         3
 Flame Wave               Conj/Fire      5%         2d5       77%         4
 Sticky Flame             Conj/Fire      5%         2d3       77%         4
 Ice Form                 Ice/Tmut       0%         N/A       94%         4
 Agony                    Necr           0%         N/A       100%        5
 Silence                  Hex/Air        0%         N/A       100%        5
 Simulacrum               Ice/Necr       0%         N/A       100%        6


Dungeon Overview and Level Annotations

Branches:
Dungeon (4/15)
 Temple: D:4-7

Altars:

Shops:
D:1 *   D:3 ?

Annotations:
D:3 1 transporter, AwFulAwFulPlayer's ghost, weakling NaHu
D:4 Edmund


Message History

The orc priest is almost dead.
The orc priest invokes the aid of Beogh against you.
Beogh smites you!
* * * LOW HITPOINT WARNING * * *
You hit the orc priest but do no damage.
The orc priest is almost dead.
The orc priest casts a cantrip, but nothing happens.
You hit the orc priest but do no damage.
The orc priest is almost dead.
The orc priest closely misses you.
Casting: Scorch (safe; 9% risk of failure)
Confirm with . or Enter, or press ? or * to list all spells.
Flames lash the orc.
You kill the orc!
The orc priest calls down the wrath of Beogh upon you.
You resist with some effort.
You hit the orc priest. You burn the orc priest.
You kill the orc priest!
The adder closely misses you.
There are no items here.
It was a potion of cancellation.
You feel magically purged. The adder bites you.
* * * LOW HITPOINT WARNING * * *
You are lethally poisoned!
The adder poisons you!
You miss the adder.
* * * LOW HITPOINT WARNING * * *
You feel sick. The adder bites you but does no damage.
You hit the adder. You burn the adder.
The adder is moderately wounded.
* * * LOW HITPOINT WARNING * * *
You feel sick. The adder closely misses you.
The adder bites you but does no damage.
You closely miss the adder.
The adder is moderately wounded.
* * * LOW HITPOINT WARNING * * *
You feel sick. The adder barely misses you.
You barely miss the adder.
The adder is moderately wounded.
You die...

......†...............#..........
...................#..#..#.#.....
.#.#######...#######..#..#.#.....
...# #...# #..#..#.#..... ...#
#...# #.......###### .### #...#
##.#..### .# #...# #.#..# ##
#...########....# ###
#####.##oS@..####.####.##
#......)o###.# #.###.#.###
.......#.#..# #.# #......#.##
#.............#!# ###.##.....
#....#..##..#.#.# ##.###.##
........ #..#.#.# #.#.## .oS#>...
........ #$# ooo###.. ########
### .. )..


You could see an adder and 2 orcs.

Vanquished Creatures
  Menkaure (D:4)
  2 orc priests
  Natasha (twice) (D:4)
  Robin (D:4)
  9 adders
  A white imp (D:3)
  4 worms (D:2)
  5 dart slugs
  11 orcs
  5 bats
  9 endoplasms
  5 giant cockroaches
  18 goblins
  8 hobgoblins
  7 jackals (D:3)
  8 kobolds
  6 quokkas
  4 ball pythons
  6 frilled lizards
  9 rats
121 creatures vanquished.

Vanquished Creatures (others)
  38 foxfires
38 creatures vanquished.

Grand Total: 159 creatures vanquished

Notes
Turn   | Place    | Note
-------+----------+-------------------------------------------
     0 | D:1      | rogueadept the Human Cinder Acolyte began the quest for the
                  | Orb.
     0 | D:1      | Reached XP level 1. HP: 18/18 MP: 2/2
   127 | D:1      | Found Vov Ufab's Assorted Antiques.
   178 | D:1      | Reached XP level 2. HP: 24/24 MP: 3/3
   675 | D:1      | Reached XP level 3. HP: 29/29 MP: 4/4
  1055 | D:1      | You fall into a shaft and drop 1 floor!
  1126 | D:2      | Reached XP level 4. HP: 34/36 MP: 5/5
  1382 | D:2      | Reached skill level 4 in Long Blades
  1719 | D:2      | Reached XP level 5. HP: 42/42 MP: 6/6
  1720 | D:2      | Found a faded altar of an unknown god.
  1815 | D:2      | Reached skill level 1 in Dodging
  2260 | D:3      | Found Leisk's Magic Scroll Shop.
  2303 | D:3      | Bought a scroll of identify for 24 gold pieces
  2351 | D:3      | Reached XP level 6. HP: 45/48 MP: 7/7
  2407 | D:3      | Noticed AwFulAwFulPlayer's ghost (weakling NaHu)
  2408 | D:3      | Found a transporter.
  2517 | D:3      | Noticed an ogre
  2562 | D:3      | Reached skill level 5 in Long Blades
  2803 | D:4      | Noticed Natasha
  2812 | D:4      | Killed Natasha
  2821 | D:4      | Identified the ring "Xohid" {rPois rF+ Str+3 SInv}
  2879 | D:4      | Noticed Natasha
  2912 | D:3      | Learned a level 2 spell: Scorch
  3009 | D:4      | Killed Natasha
  3105 | D:4      | Identified the +1 helmet of Gallantry {Drain rPois rC+}
  3105 | D:4      | Noticed Robin
  3120 | D:4      | Killed Robin
  3286 | D:4      | Noticed Menkaure
  3292 | D:4      | Killed Menkaure
  3293 | D:4      | Reached skill level 1 in Shields
  3293 | D:4      | Reached XP level 7. HP: 30/55 MP: 3/8
  3324 | D:4      | Noticed Edmund
  3409 | D:4      | HP: 2/55 [poisoned by an adder]
  3411 | D:4      | Succumbed to an adder's poison

Illustrated notes

Levels and vault maps discovered:
D:1:      mrwooster_arrival_arrow, layout_loops_corners, serial_shops,
          nicolae_shop_pleasant_corner_grove
D:2:      layout_basic, ebering_ecumenical_altar_mist,
          minmay_fractal_squares_gapless_5
D:3:      layout_basic, serial_shops, shop_coins, gammafunk_ghost_smash,
          minmay_fractal_squares_5
D:4:      layout_loops_cross, serial_glass, glass_columns_a, glass_columns_c,
          chequers_serial_rivers_micro_e, uniq_menkaure, uniq_natasha,
          uniq_edmund, uniq_robin

Skill      XL: |  1  2  3  4  5  6 |
---------------+-------------------+-----
Long Blades    | 4 5 |  5.6
Dodging        | 2 |  2.8
Fighting       | 4 |  4.4
Shields        | 1 |  1.1
Stealth        | |  0.4
Spellcasting   | |  1.3
Fire Magic     | |  3.6

Action                     |  1- 3 |  4- 6 |  7- 9 || total
---------------------------+-------+-------+-------++-------
  Melee: Falchion          |    82 |   258 |    26 ||   366
         Punch             |       |     3 |     1 ||     4
   Cast: Scorch            |       |     5 |     2 ||     7
 Invoke: Foxfire Swarm     |     6 |     2 |       ||     8
         Rising Flame      |     1 |       |       ||     1
         Fiery Armour      |     1 |       |       ||     1
    Use: Scroll            |       |     2 |       ||     2
         Potion            |       |       |     1 ||     1
 Armour: Robe              |    27 |    66 |     7 ||   100
  Dodge: Dodged            |    54 |   133 |    11 ||   198
  Block: Other             |       |    37 |     3 ||    40
         Reflection        |       |     1 |       ||     1

Table legend: (Time is in decaauts)
 A = Elapsed time spent in this place.
 B = Non-inter-level travel time spent in this place.
 C = Inter-level travel time spent in this place.
 D = Time resting spent in this place.
 E = Time spent auto-exploring this place.
 F = Levels seen in this place.
 G = Mean time per level.
                   A        B        C        D        E       F      G
               +--------+--------+--------+--------+--------+-----+--------+
         Total |   3439 |   3439 |      0 |      0 |      0 |   4 |  859.8 |
       Dungeon |   3439 |   3439 |      0 |      0 |      0 |   4 |  859.8 |
               +--------+--------+--------+--------+--------+-----+--------+

Top non-repeatable levels by time:
     D:1: 1083 daAuts
     D:2: 961 daAuts
     D:3: 830 daAuts
     D:4: 564 daAuts
